 Dungeon Crawl Stone Soup version 0.30-a0-800-g7c544603b3 (webtiles) character file.

Game seed: 11363422709610185404

12792 Pimp the Fighter (level 11, -1/133 HPs)
             Began as a Demonspawn Fighter on Feb 21, 2023.
             Was the Champion of Okawaru.
             Succumbed to a killer bee's poison
             ... on level 11 of the Dungeon.
             The game lasted 00:25:19 (9678 turns).

Pimp the Fighter (Demonspawn Fighter)               Turns: 9678, Time: 00:25:20

Health: -1/133     AC: 19    Str: 20    XL:     11   Next: 67%
Magic:  3/11       EV:  6    Int: 10    God:    Okawaru [******]
Gold:   800        SH:  6    Dex: 13    Spells: 10/10 levels left

rFire   . . .      SeeInvis .    J - +9 spear of Raokhluworgh {freeze, rElec}
rCold   . . .      Faith    +    c - +0 buckler
rNeg    + . .      Spirit   +    j - +0 plate armour
rPois   .          Reflect  .    (helmet restricted)
rElec   +          Harm     .    e - scarf {repulsion}
rCorr   .          Rampage  .    f - +0 pair of gloves
Will    .....                    (no boots)
Stlth   x                          - amulet of faith
HPRegen 0.42/turn                H - ring of positive energy
MPRegen 0.24/turn                G - +4 ring of protection

@: berserking, lethally poisoned (-1 -> -14), repel missiles, very quick
A: hooves 2, horns 2, magic shield, magic regeneration, demonic magic 1
a: Renounce Religion, Heroism, Finesse, Duel


You were on level 11 of the Dungeon.
You worshipped Okawaru.
Okawaru was exalted by your worship.
You visited 2 branches of the dungeon, and saw 12 of its levels.

You collected 800 gold pieces.

Inventory:

Hand Weapons
 a - a +0 war axe of protection
 l - a +3 war axe of freezing
 J - the +9 spear of Raokhluworgh (weapon) {freeze, rElec}
   (You found it on level 8 of the Dungeon)

   rElec:     It insulates you from electricity.
Missiles
 g - 6 atropa-tipped darts
Armour
 b - a +0 scale mail
 c - a +0 buckler (worn)
 e - a scarf of repulsion (worn)
 f - a +0 pair of gloves (worn)
 j - a +0 plate armour (worn)
 w - a scarf of harm
Jewellery
 h - a ring of flight
 i - a ring of protection from cold
 v - a ring of fire
 x - an amulet of faith (around neck)
 y - a ring of magical power
 G - a +4 ring of protection (right hand)
 H - a ring of positive energy (left hand)
Wands
 d - a wand of polymorph (4)
 o - a wand of light (17)
 C - a wand of roots (29)
 I - a wand of flame (39) (quivered)
Scrolls
 q - a scroll of poison
 r - 2 scrolls of noise
 u - 4 scrolls of vulnerability
 z - 2 scrolls of identify
Potions
 k - 3 potions of flight {unknown}
 m - 3 potions of degeneration {unknown}
 n - a potion of mutation {unknown}
 p - 3 potions of berserk rage
 s - 3 potions of brilliance {unknown}
 t - a potion of might
 E - a potion of invisibility {unknown}
 F - a potion of resistance
Miscellaneous
 D - a phial of floods


   Skills:
 + Level 9.3 Fighting
 - Level 6.9(8.1) Axes
 * Level 6.2(7.7) Polearms
 + Level 8.5 Armour
 + Level 8.6 Shields
 + Level 5.0 Evocations


You had 10 spell levels left.
You didn't know any spells.
Your spell library contained the following spells:

 Spells                   Type           Power      Damage    Failure   Level
 Magic Dart               Conj           0%         1d3       100%        1
 Sublimation of Blood     Necr           0%         N/A       100%        2
 Wereblood                Tmut           0%         N/A       100%        2
 Mephitic Cloud           Conj/Pois/Air  0%         N/A       100%        3
 Dispel Undead            Necr           0%         3d6       100%        4
 Blade Hands              Tmut           0%         N/A       100%        5
 Iron Shot                Conj/Erth      0%         9d1       100%        6
 Borgnjor's Revivificati  Necr           0%         N/A       100%        8
 Necromutation            Tmut/Necr      0%         N/A       100%        8
 Death's Door             Necr           0%         N/A       100%        9
 Call Imp                 Summ           Unusable   N/A       N/A         2
 Animate Armour           Summ/Erth      Unusable   N/A       N/A         4
 Summon Forest            Summ/Tloc      Unusable   N/A       N/A         5
 Summon Hydra             Summ           Unusable   N/A       N/A         7

Dungeon Overview and Level Annotations

Branches:
Dungeon (11/15)            Temple (1/1) D:4            Lair (0/5) D:10
    Orc (0/2) D:9

Altars:
Cheibriados
Dithmenos
Fedhas
Gozag
Kikubaaqudgha
Makhleb
Okawaru
Ru
Sif Muna
Trog
Uskayaw
Vehumet
Wu Jian
Xom

Shops:
D:10 ([(


Innate Abilities, Weirdness & Mutations

You have hoof-like feet.
You have a pair of horns on your head.
When hurt, damage is shared between your health and your magic reserves.
You regenerate magic rapidly.
Spells you cast may paralyse adjacent enemies.


Message History

Your headbutt misses the killer bee.
You feel sick. The killer bee stings you.
* * * LOW HITPOINT WARNING * * *
You block the killer bee's attack. The killer bee stings you.
* * * LOW HITPOINT WARNING * * *
You are lethally poisoned!
The killer bee poisons you!
A red film seems to cover your vision as you go berserk!
You feel yourself moving faster!
You feel mighty!
You feel very sick. You block the killer bee's attack.
The killer bee stings you.
* * * LOW HITPOINT WARNING * * *
The killer bee barely misses you. x2; The killer bee stings you.
* * * LOW HITPOINT WARNING * * *
You block the killer bee's attack.
You puncture the killer bee! You freeze the killer bee.
You kill the killer bee!
Okawaru accepts your kill.
* * * LOW HITPOINT WARNING * * *
You feel sick. The killer bee stings you.
* * * LOW HITPOINT WARNING * * *
You are more poisoned.
The killer bee poisons you! The killer bee closely misses you.
You completely miss the killer bee. Your kick misses the killer bee.
Your headbutt misses the killer bee.
The killer bee is heavily wounded.
* * * LOW HITPOINT WARNING * * *
You feel very sick. You block the killer bee's attack.
The killer bee stings you.
* * * LOW HITPOINT WARNING * * *
You puncture the killer bee! You freeze the killer bee.
You kill the killer bee!
Okawaru accepts your kill.
* * * LOW HITPOINT WARNING * * *
You feel sick. You block the killer bee's attack.
You barely miss the killer bee. Your kick misses the killer bee.
* * * LOW HITPOINT WARNING * * *
You feel sick. The killer bee closely misses you.
You barely miss the killer bee. Your kick misses the killer bee.
Your headbutt misses the killer bee.
You die...

....h.###.###..#
.......##.##..##
.............####
..............#.###
.........#........#
...........y##
.(..........###
...........#y.#
..........†@†.#
........#....##
.......#######
...... .....


You could see a killer bee.

Vanquished Creatures
  3 two-headed ogres
  A cyclops (D:11)
  Maggie (D:9)
  Grinder (D:3)
  A hornet (D:8)
  A shadow (D:8)
  5 wyverns
  3 basilisks
  2 wraiths (D:11)
  26 yaks
  A steam dragon (D:8)
  2 acid dragons
  Duvessa (D:4)
  5 water moccasins
  4 sky beasts
  An orc warrior (D:9)
  2 ice beasts (D:5)
  2 ogres
  3 centaurs
  2 kobold brigands
  Blork the orc (D:4)
  3 bullfrogs
  4 scorpions
  10 wights
  Dowan (D:4)
  19 killer bees
  4 howler monkeys
  2 hounds
  2 gnoll boudas
  3 iguanas
  An orc wizard (D:8)
  Ijyb (D:3)
  Natasha (twice) (D:3)
  Robin (D:3)
  4 gnolls (D:7)
  8 adders
  A shadow imp (D:5)
  A white imp (D:7)
  An ufetubus (D:7)
  5 worms
  3 dart slugs
  10 orcs
  5 bats
  3 endoplasms
  3 giant cockroaches
  16 goblins
  5 hobgoblins
  2 jackals (D:3)
  6 quokkas
  6 ball pythons
  3 frilled lizards (D:1)
  8 kobolds
  3 rats (D:2)
214 creatures vanquished.

Vanquished Creatures (others)
  2 bushes (D:10)
  4 fungi (D:10)
  13 plants
19 creatures vanquished.

Grand Total: 233 creatures vanquished

Notes
Turn   | Place    | Note
-------+----------+-------------------------------------------
     0 | D:1      | Pimp the Demonspawn Fighter began the quest for the Orb.
     0 | D:1      | Reached XP level 1. HP: 18/18 MP: 1/1
   332 | D:1      | Gained mutation: You regenerate magic rapidly. [demonic
                  | ancestry]
   332 | D:1      | Reached XP level 2. HP: 23/24 MP: 2/2
   396 | D:1      | Got the Secrets of Darkness and Translocation
   694 | D:1      | Found a faded altar of an unknown god.
   942 | D:2      | Found a radiant altar of Vehumet.
   978 | D:2      | Discovered your monstrous ancestry.
   978 | D:2      | Gained mutation: You have large cloven feet. [demonic
                  | ancestry]
   978 | D:2      | Reached XP level 3. HP: 29/29 MP: 3/3
  1400 | D:3      | Identified the +0 helmet of Honour {Rampage *Slow rCorr}
  1508 | D:3      | Noticed Grinder
  1519 | D:3      | Killed Grinder
  1520 | D:3      | Reached skill level 4 in Fighting
  1520 | D:3      | Gained mutation: You have hoof-like feet. [demonic
                  | ancestry]
  1520 | D:3      | Reached XP level 4. HP: 6/37 MP: 4/4
  1520 | D:3      | Reached XP level 5. HP: 7/42 MP: 5/5
  1814 | D:3      | Noticed Natasha
  1822 | D:3      | Killed Natasha
  1823 | D:3      | Gained mutation: Spells you cast may paralyse adjacent
                  | enemies. [demonic ancestry]
  1823 | D:3      | Reached XP level 6. HP: 46/48 MP: 6/6
  1884 | D:3      | Noticed Ijyb
  1902 | D:3      | Killed Ijyb
  2239 | D:3      | Noticed Robin
  2248 | D:3      | Killed Robin
  2483 | D:3      | Noticed Natasha
  2487 | D:3      | Killed Natasha
  2536 | D:4      | Found a staircase to the Ecumenical Temple.
  2545 | Temple   | Entered the Ecumenical Temple
  2566 | Temple   | Became a worshipper of Warmaster Okawaru
  2595 | D:4      | Noticed Blork the orc
  2609 | D:4      | Killed Blork the orc
  2752 | D:4      | Noticed Duvessa
  2752 | D:4      | Noticed Dowan
  2761 | D:4      | Killed Duvessa
  2762 | D:4      | Reached XP level 7. HP: 47/55 MP: 7/7
  2778 | D:4      | Reached * piety under Okawaru
  2779 | D:4      | Killed Dowan
  2780 | D:4      | Reached skill level 5 in Fighting
  3225 | D:4      | Found a shadowy altar of Dithmenos.
  3229 | D:4      | Found a shimmering altar of Xom.
  3237 | D:4      | Found a blossoming altar of Fedhas.
  3523 | D:5      | Entered Level 5 of the Dungeon
  3599 | D:5      | Reached skill level 5 in Armour
  3599 | D:5      | Reached skill level 5 in Shields
  3599 | D:5      | Reached XP level 8. HP: 63/63 MP: 8/8
  4011 | D:5      | Reached ** piety under Okawaru
  4366 | D:5      | Reached skill level 5 in Axes
  4637 | D:6      | You are sucked into a shaft and drop 3 floors!
  4678 | D:9      | Reached skill level 6 in Fighting
  5070 | D:7      | Found a burning altar of Makhleb.
  5166 | D:7      | Gained mutation: When hurt, damage is shared between your
                  | health and your magic reserves. [demonic ancestry]
  5166 | D:7      | Reached XP level 9. HP: 44/71 MP: 9/9
  5167 | D:7      | Reached *** piety under Okawaru
  5698 | D:8      | Found an ancient bone altar of Kikubaaqudgha.
  5716 | D:8      | Reached skill level 7 in Fighting
  5893 | D:8      | Found an opulent altar of Gozag.
  5902 | D:8      | Found a sacrificial altar of Ru.
  5957 | D:8      | Found a bloodstained altar of Trog.
  5958 | D:8      | Found an ornate altar of the Wu Jian Council.
  5958 | D:8      | Found a blossoming altar of Fedhas.
  6020 | D:8      | Reached **** piety under Okawaru
  6447 | D:8      | Gained mutation: You have a pair of small horns on your
                  | head. [demonic ancestry]
  6447 | D:8      | Reached XP level 10. HP: 77/80 MP: 8/10
  6501 | D:8      | Identified the +9 spear of Raokhluworgh {freeze, rElec}
  6564 | D:8      | Reached skill level 1 in Evocations
  6854 | D:8      | Found a shimmering blue altar of Sif Muna.
  7053 | D:8      | Reached skill level 8 in Fighting
  7053 | D:8      | Reached skill level 1 in Polearms
  7362 | D:9      | Found a staircase to the Orcish Mines.
  7445 | D:9      | Noticed a two-headed ogre
  7446 | D:9      | Noticed Maggie
  7464 | D:9      | Killed Maggie
  7464 | D:9      | Reached ***** piety under Okawaru
  7468 | D:9      | Killed a two-headed ogre
  7801 | D:10     | Entered Level 10 of the Dungeon
  7801 | D:10     | Found Suraq's Antique Armour Emporium.
  7820 | D:10     | Noticed a two-headed ogre
  7827 | D:10     | Killed a two-headed ogre
  7827 | D:10     | Received a gift from Okawaru
  7846 | D:9      | HP: 4/82 [poisoned by a water moccasin]
  8245 | D:10     | Gained mutation: You have a pair of horns on your head.
                  | [demonic ancestry]
  8245 | D:10     | Reached XP level 11. HP: 70/87 MP: 9/11
  8245 | D:10     | Found a staircase to the Lair.
  8431 | D:10     | Reached skill level 5 in Polearms
  8581 | D:10     | Reached ****** piety under Okawaru
  8721 | D:10     | Reached skill level 9 in Fighting
  8829 | D:10     | Found Poylo's Antique Weapon Shop.
  9100 | D:10     | Found a snail-covered altar of Cheibriados.
  9195 | D:10     | Found Efith's Antique Weapon Shoppe.
  9420 | D:11     | Noticed a two-headed ogre
  9432 | D:11     | Killed a two-headed ogre
  9473 | D:11     | Received a gift from Okawaru
  9560 | D:11     | Reached skill level 5 in Evocations
  9675 | D:11     | HP: 5/133 [killer bee (2)]
  9677 | D:11     | HP: 1/133 [poisoned by a killer bee]
  9678 | D:11     | Succumbed to a killer bee's poison

Illustrated notes

Levels and vault maps discovered:
D:1:      psy_arrival_fountain, layout_loops_cross,
          dilly_ecumenical_altar_fadedgnrine, minmay_crystal_water,
          minmay_tromino_mix6
D:2:      layout_basic, basic_altar
D:3:      layout_basic, uniq_robin, uniq_natasha, uniq_ijyb, uniq_grinder
D:4:      layout_basic, grunt_temple_overflow_diamond,
          minmay_temple_entry_purple_smoke, dk_noncrumbling_3, uniq_duvessa,
          uniq_blork_the_orc
D:5:      minmay_evil_eye, layout_basic, minmay_misc_feat_iff
D:6:      layout_basic, serial_shops, nicolae_shop_hallway_plus,
          cheibrodos_sewer_entry_bend, serial_demonic, serial_demonic_f,
          serial_demonic_b, serial_demonic_f, serial_demonic_e,
          serial_demonic_b, serial_demonic_d, serial_demonic_g,
          serial_demonic_b, serial_demonic_e, serial_demonic_g,
          nicolae_shop_self_help
D:7:      layout_rooms, mainiacjoe_overflow_tiny_flanked
D:8:      minmay_the_grid_octo_tiled_squarecenter
          [minmay_the_grid_octo_concentric, minmay_the_grid_octo_odd_swirl,
          minmay_the_grid_octo_fan_narrow, minmay_the_grid_octo_shrine,
          minmay_the_grid_square_5x5_megaprize_hollow,
          minmay_the_grid_square_5x5_almost_minimal,
          minmay_the_grid_square_5x5_fancy_junction,
          minmay_the_grid_square_5x5_corner, minmay_the_grid_square_5x5_three],
          layout_rooms, mainiacjoe_overflow_small_starburst,
          mainiacjoe_overflow_swirl, mainiacjoe_overflow_surrounded_room,
          minivault_11
D:9:      layout_rooms, elyvilon_altar_4, orc_0_dummy, uniq_maggie
D:10:     layout_loops_ring, kennysheep_mini_moat, minmay_lair_entry_grove,
          serial_shops, nicolae_square_shop, shop, nicolae_lakefront_shop
D:11:     layout_cave_pools, gammafunk_ghost_smash, gauntlet_entry_generic
Temple:   hellmonk_temple_flake

Skill      XL: |  1  2  3  4  5  6  7  8  9 10 11 |
---------------+----------------------------------+-----
Axes           | 2 3 4 5 6 |  6.9
Shields        | 3 4 5 6 7 8 |  8.6
Armour         | 3 4 5 6 7 8 |  8.5
Fighting       | 4 5 6 7 8 9 |  9.3
Evocations     | 3 5 |  5.0
Polearms       | 4 6 |  6.2

Action                     |  1- 3 |  4- 6 |  7- 9 | 10-12 || total
---------------------------+-------+-------+-------+-------++-------
  Melee: War axe           |   115 |    68 |   313 |     5 ||   501
         Kick              |    12 |    19 |    87 |   114 ||   232
         Spear             |       |       |       |   292 ||   292
         Headbutt          |       |       |       |    59 ||    59
  Evoke: Wand              |       |       |       |    15 ||    15
    Use: Scroll            |     2 |       |    16 |     9 ||    27
         Potion            |       |     3 |     7 |     3 ||    13
 Armour: Scale mail        |    52 |       |       |       ||    52
         Plate armour      |    26 |    39 |   276 |   138 ||   479
         Skin              |       |    11 |       |       ||    11
  Dodge: Dodged            |    47 |    15 |    96 |    71 ||   229
         Repelled          |       |       |       |     2 ||     2
  Block: Buckler           |    31 |    17 |    98 |    77 ||   223

Table legend: (Time is in decaauts)
 A = Elapsed time spent in this place.
 B = Non-inter-level travel time spent in this place.
 C = Inter-level travel time spent in this place.
 D = Time resting spent in this place.
 E = Time spent auto-exploring this place.
 F = Levels seen in this place.
 G = Mean time per level.
                   A        B        C        D        E       F      G
               +--------+--------+--------+--------+--------+-----+--------+
         Total |   9857 |   9498 |    359 |   2356 |   5032 |  12 |  821.4 |
       Dungeon |   9826 |   9475 |    351 |   2356 |   5019 |  11 |  893.3 |
        Temple |     30 |     22 |      8 |      0 |     13 |   1 |   30.0 |
               +--------+--------+--------+--------+--------+-----+--------+

Top non-repeatable levels by time:
     D:8: 1743 daAuts
    D:10: 1229 daAuts
     D:9: 1192 daAuts
     D:3: 1147 daAuts
     D:5: 1140 daAuts
     D:4: 1003 daAuts
     D:1: 868 daAuts
     D:7: 672 daAuts
     D:2: 569 daAuts
    D:11: 259 daAuts
  Temple: 30 daAuts
     D:6: 0 daAuts
